 Dungeon Crawl Stone Soup version 0.31-a0-1591-g515db51633 (webtiles) character file.

Game seed: 15350366474082391735

66 greenbean the Digger (level 3, -2/31 HPs)
             Began as a Troll Earth Elementalist on Jan 7, 2024.
             Slain by an orc
             ... wielding a +0 trident
              (5 damage)
             ... on level 3 of the Dungeon.
             The game lasted 00:04:06 (409 turns).

greenbean the Digger (Troll Earth Elementalist)      Turns: 409, Time: 00:04:07

Health: -2/31      AC:  4    Str: 18    XL:     3   Next: 96%
Magic:  3/4        EV: 10    Int: 11    God:
Gold:   8          SH:  0    Dex: 10    Spells: 3/4 levels left

rFire   . .          .
                       - Unarmed
rCold   . . .        (no shield)
rNeg    . . .        a - +0 robe
rPois   .            (helmet restricted)
rElec   .            (no cloak)
rCorr   .            (gloves unavailable)
SInv    .            (boots unavailable)
Will    +....        (no amulet)
Stlth   +            e - ring of willpower
HPRegen 1.05/turn    (no ring)
MPRegen 0.09/turn

%: no passive effects
@: no status effects
A: large, unfitting armour, claws 3, regeneration 1, shaggy fur 1, tough skin 1
a: no special abilities


You were on level 3 of the Dungeon.
You visited 1 branch of the dungeon, and saw 3 of its levels.

You collected 8 gold pieces.

Inventory:

Armour
 a - a +0 robe (worn)
 c - a +0 leather armour
 d - a +0 ring mail
Jewellery
 e - a ring of willpower (left claw)
Potions
 b - a potion of magic


   Skills:
 + Level 1.8 Dodging
 + Level 1.2 Stealth
 + Level 1.2 Unarmed Combat
 + Level 1.4 Spellcasting
 + Level 0.6 Conjurations
 + Level 3.6 Earth Magic


You had 3 spell levels left.
You knew the following spells:

 Your Spells              Type           Power      Damage    Failure   Level
a - Sandblast             Erth           16%        2d6       7%          1

Your spell library contained the following spells:

 Spells                   Type           Power      Damage    Failure   Level
 Passwall                 Erth           8%         N/A       21%         3
 Stone Arrow              Conj/Erth      10%        3d7       36%         3
 Brom's Barrelling Bould  Conj/Erth      5%         2d3       77%         4
 Petrify                  Alch/Erth      4%         N/A       82%         4


Dungeon Overview and Level Annotations

Branches:
Dungeon (3/15)

Altars:


Innate Abilities, Weirdness & Mutations

You are too large for most types of armour.
You have claws for hands.
Your natural rate of healing is unusually fast.
You are covered in fur. (AC +1)
You have tough skin. (AC +1)


Message History

The puff of flame hits you.
You claw the orc wizard!
You kill the orc wizard!
The orc closely misses you. The frilled lizard closely misses you.
The orc hits you with a +0 club.
Your Unarmed Combat skill increases to level 1!
You closely miss the orc.
The orc hits you from afar with a +0 trident.
The frilled lizard bites you but does no damage.
The orc hits you but does no damage.
You scratch the orc.
The orc is heavily wounded.
The orc barely misses you. The frilled lizard barely misses you.
The orc closely misses you.
You claw the orc!
You kill the orc!
The orc hits you but does no damage. The frilled lizard barely misses you.
A goblin comes into view. It is wielding a +0 club.
Your magical contamination has completely faded away.
You claw the rat!
You kill the rat!
The orc hits you from afar with a +0 trident.
The frilled lizard closely misses you.
The orc hits you with a +1 flail of venom!
* * * LOW HITPOINT WARNING * * *
You claw the orc!
You kill the orc!
The orc barely misses you.
The frilled lizard bites you but does no damage.
You miss the frilled lizard. The orc barely misses you.
The frilled lizard barely misses you.
You scratch the frilled lizard but do no damage.
The orc closely misses you. The frilled lizard closely misses you.
You miss the frilled lizard.
The orc hits you from afar with a +0 trident.
* * * LOW HITPOINT WARNING * * *
The frilled lizard closely misses you. The orc attacks as it pursues you!
The orc hits you from afar with a +0 trident.
You die...

............##.....
######...........##.....
#.................#.....
......#.#.#.....#......
....#.#.#.......#.....
#...#.#.#...#†#.....# .
#......#...........†.
...#..?..#.#...#.......#
#(.....@..#.#.#+...'#'#.
......)..#.#.#.#...#.#.#
......lo)'#.#.#.#.#...#.
.......g...#.#...#'....#
....#.#.....#.....#.....
.......#...#.#...#..<...
.!..........#....+#.....
.......#...#.#...# #.#..
.......#+#.#.#.#. #...


You could see an orc, a goblin and a frilled lizard.

Vanquished Creatures
  An orc wizard (D:3)
  2 adders (D:3)
  A dart slug (D:2)
  4 orcs (D:3)
  3 endoplasms (D:1)
  2 hobgoblins (D:1)
  A kobold (D:3)
  2 ball pythons (D:2)
  2 frilled lizards
  A rat (D:3)
19 creatures vanquished.

Notes
Turn   | Place    | Note
-------+----------+-------------------------------------------
     0 | D:1      | greenbean the Troll Earth Elementalist began the quest for
                  | the Orb.
     0 | D:1      | Reached XP level 1. HP: 16/16 MP: 1/1
   151 | D:1      | Reached skill level 3 in Earth Magic
   220 | D:2      | Reached XP level 2. HP: 21/24 MP: 2/2
   371 | D:3      | Reached XP level 3. HP: 30/31 MP: 2/4
   401 | D:3      | Reached skill level 1 in Unarmed Combat
   409 | D:3      | Slain by an orc

Illustrated notes

Levels and vault maps discovered:
D:1:      lemuel_arrival_tunnels, layout_loops_ring, amethyst_killhole
D:2:      layout_loops_ring, serial_park_tiny_2
D:3:      layout_basic, nicolae_overflow_hidden_temple, kennysheep_potato

Skill      XL: |  1  2  3 |
---------------+----------+-----
Earth Magic    | 3 |  3.6
Unarmed Combat | 1 |  1.2
Dodging        | |  1.8
Stealth        | |  1.2
Spellcasting   | |  1.4
Conjurations   | |  0.6

Action                     || total
---------------------------++-------
  Melee: Unarmed           ||    58
         Punch             ||     1
   Cast: Sandblast         ||     3
    Use: Scroll            ||     1
   Stab: Sleeping          ||     3
 Armour: Robe              ||    41
  Dodge: Dodged            ||    39

Table legend: (Time is in decaauts)
 A = Elapsed time spent in this place.
 B = Non-inter-level travel time spent in this place.
 C = Inter-level travel time spent in this place.
 D = Time resting spent in this place.
 E = Time spent auto-exploring this place.
 F = Levels seen in this place.
 G = Mean time per level.
                   A        B        C        D        E       F      G
               +--------+--------+--------+--------+--------+-----+--------+
         Total |    409 |    129 |    280 |      0 |      0 |   3 |  136.3 |
       Dungeon |    409 |    129 |    280 |      0 |      0 |   3 |  136.3 |
               +--------+--------+--------+--------+--------+-----+--------+

Top non-repeatable levels by time:
     D:1: 186 daAuts
     D:2: 129 daAuts
     D:3: 93 daAuts
